 Dungeon Crawl Stone Soup version 0.23.1-37-gaa34b87 (webtiles) character file.

Game seed: 10334149609549372758

1423 Fang the Skirmisher (level 8, 0/52 HPs)
             Began as a Gargoyle Berserker on Mar 25, 2019.
             Was a Priest of Trog.
             Slain by an orc warrior
             ... wielding a +0 trident
              (4 damage)
             ... on level 6 of the Dungeon.
             The game lasted 00:08:12 (4932 turns).

Fang the Skirmisher (Gargoyle Berserker)            Turns: 4932, Time: 00:08:12

Health: 0/52       AC: 18    Str: 22    XL:     8   Next: 72%
Magic:  8/8        EV:  9    Int:  9    God:    Trog [***...]
Gold:   342        SH:  0    Dex:  9    Spells: 7/7 levels left

rFire    . . .     SeeInvis .   s - +0 war axe
rCold    . . .     Gourm    .   (no shield)
rNeg     + . .     Faith    .   v - +0 chain mail
rPois    ∞         Spirit   .   (no helmet)
rElec    +         Reflect  .   (no cloak)
rCorr    .         Harm     .   l - +1 pair of gloves
MR       .....                  (no boots)
Stlth    ..........             (no amulet)
HPRegen  0.17/turn              (no ring)
MPRegen  0.11/turn              (no ring)

@: berserk cooldown, slowed, very slow
A: negative energy resistance 1, electricity resistance, unbreathing,
petrification resistance, rot immunity, AC +5
a: Berserk, Trog's Hand, Renounce Religion


You were on level 6 of the Dungeon.
You worshipped Trog.
Trog was most pleased with you.
You were very hungry.

You visited 1 branch of the dungeon, and saw 6 of its levels.

You collected 342 gold pieces.

Inventory:

Hand Weapons
 s - a +0 war axe (weapon)
Armour
 l - a +1 pair of gloves (worn)
 v - a +0 chain mail (worn)
Wands
 u - a wand of flame (8)
Scrolls
 b - a scroll of amnesia {unknown}
 d - 2 scrolls of teleportation {unknown}
 e - 2 scrolls of remove curse {unknown}
 f - a scroll of magic mapping {unknown}
 g - 2 scrolls of identify {unknown}
 h - a scroll of blinking {unknown}
 i - 2 scrolls of enchant armour {unknown}
 n - 2 scrolls of noise {unknown}
 o - a scroll of immolation {unknown}
Potions
 j - 2 potions of curing {unknown}
 k - a potion of berserk rage {unknown}
 m - a potion of might {unknown}
 p - 2 potions of heal wounds {unknown}
 r - 2 potions of haste {unknown}
 t - a potion of lignification {unknown}
Comestibles
 c - 13 rations


   Skills:
 + Level 6.6 Fighting
 + Level 5.4 Axes
 + Level 6.1 Armour
 + Level 4.5 Dodging


You had 7 spell levels left.
You didn't know any spells.
Your spell library was empty.

Dungeon Overview and Level Annotations

Branches:
Dungeon (6/15)
 Temple: D:4-7

Altars:
Ashenzari
Elyvilon
Gozag
Hepliaklqana
Kikubaaqudgha
Sif Muna
Xom
Yredelemnul
Zin
The Shining One

Shops:
D:4 *


Innate Abilities, Weirdness & Mutations

You are resistant to torment.
Your stone body is resilient. (AC +5)
You are immune to poison.
You resist negative energy. (rN+)
You are resistant to electric shocks. (rElec)
You can survive without breathing.
You are immune to petrification.
You are immune to rotting.


Message History

A magic dart appears from out of thin air!
The magic dart hits you!
* * * LOW HITPOINT WARNING * * *
All of the chunks of flesh in your inventory have rotted away.
You slash something!
The orc warrior hits you from afar with a +0 trident.
* * * LOW HITPOINT WARNING * * *
You miss something. You slash the orc!
You kill the orc!
Trog accepts your kill. Something hits you but does no damage.
The orc warrior hits you but does no damage.
You are too berserk!
You feel a strong urge to attack something.
You are no longer berserk.
You are exhausted.
You feel yourself slow down. Something hits you but does no damage.
The orc warrior hits you from afar with a +0 trident.
You die...

# ... #.
#.###
#.#+##...
#.......#
..#.......#
......)...###
#.)..o..#
#.####.## #
#<..@# ######


You could see an orc warrior.

Vanquished Creatures
  The ghost of MollyMolluskus the Sneak, a novice OpMo of Gozag (D:5)
  A vampire (D:5)
  Menkaure (D:5)
  Duvessa (D:5)
  An ogre (D:5)
  A sky beast (D:4)
  Dowan (D:5)
  A crimson imp (D:6)
  A bullfrog zombie (D:5)
  2 orc priests (D:5)
  5 orc wizards
  A worker ant (D:5)
  A hound skeleton (D:4)
  A howler monkey zombie (D:5)
  11 adders
  A shadow imp (D:5)
  4 worms
  4 dart slugs
  2 leopard geckos
  16 orcs
  A ball python (D:1)
  3 giant cockroaches
  12 goblins
  13 hobgoblins
  4 jackals
  2 quokkas
  3 bats
  8 frilled lizards
  9 kobolds
  A leopard gecko skeleton (D:3)
  2 rats
115 creatures vanquished.

Notes
Turn   | Place    | Note
-------+----------+-------------------------------------------
     0 | D:1      | Fang the Gargoyle Berserker began the quest for the Orb.
     0 | D:1      | Reached XP level 1. HP: 14/14 MP: 1/1
    64 | D:1      | Reached XP level 2. HP: 19/19 MP: 2/2
   553 | D:1      | Reached XP level 3. HP: 23/23 MP: 3/3
   717 | D:1      | Reached ** piety under Trog
  1202 | D:2      | Found a glowing golden altar of the Shining One.
  1203 | D:2      | Found a white marble altar of Elyvilon.
  1208 | D:2      | Found a glowing silver altar of Zin.
  1382 | D:2      | Reached XP level 4. HP: 26/29 MP: 4/4
  1588 | D:2      | Found a deep blue altar of Sif Muna.
  1981 | D:3      | Reached XP level 5. HP: 25/33 MP: 5/5
  2417 | D:4      | Reached *** piety under Trog
  2712 | D:4      | Found a shattered altar of Ashenzari.
  2808 | D:4      | Noticed a sky beast
  2853 | D:4      | Killed a sky beast
  2853 | D:4      | Reached XP level 6. HP: 34/39 MP: 6/6
  2949 | D:4      | Found Reprolat's Assorted Antiques.
  3203 | D:5      | Entered Level 5 of the Dungeon
  3272 | D:5      | Found a transporter.
  3272 | D:5      | Found an ancient bone altar of Kikubaaqudgha.
  3274 | D:5      | Noticed Menkaure
  3276 | D:5      | Found a basalt altar of Yredelemnul.
  3287 | D:5      | Noticed Dowan
  3293 | D:5      | Noticed a vampire
  3303 | D:5      | Noticed Duvessa
  3304 | D:5      | Found a transporter.
  3393 | D:5      | Reached skill level 5 in Fighting
  3393 | D:5      | Reached XP level 7. HP: 27/44 MP: 7/7
  4051 | D:5      | Found a shimmering altar of Xom.
  4052 | D:5      | Found a hazy altar of Hepliaklqana.
  4053 | D:5      | Noticed a spectral ugly thing
  4284 | D:5      | Found an opulent altar of Gozag.
  4329 | D:5      | Found a runed translucent gate.
  4329 | D:5      | Found a runed translucent gate.
  4458 | D:5      | Found a runed translucent gate.
  4460 | D:5      | Noticed MollyMolluskus's ghost (novice OpMo)
  4575 | D:5      | Killed MollyMolluskus's ghost
  4575 | D:5      | Reached skill level 5 in Armour
  4575 | D:5      | Reached XP level 8. HP: 51/51 MP: 8/8
  4708 | D:5      | Killed Menkaure
  4708 | D:5      | Reached skill level 5 in Axes
  4710 | D:5      | Killed a vampire
  4711 | D:5      | Killed Duvessa
  4716 | D:5      | Killed Dowan
  4932 | D:6      | Slain by an orc warrior

Skill      XL: |  1  2  3  4  5  6  7  8 |
---------------+-------------------------+-----
Axes           | 3 4 5 |  5.4
Dodging        | 2 3 4 |  4.5
Armour         | 3 4 5 6 |  6.1
Fighting       | 4 5 6 |  6.6

Action                   |  1- 3 |  4- 6 |  7- 9 || total
-------------------------+-------+-------+-------++-------
Melee: Hand axe          |   140 |    74 |       ||   214
       War axe           |       |   182 |   105 ||   287
Invok: Berserk           |       |     1 |     4 ||     5
       Trog's Hand       |       |       |     1 ||     1
 Stab: Sleeping          |       |     1 |       ||     1
  Eat: Chunk             |     2 |     7 |     5 ||    14
       Ration            |       |       |     1 ||     1
Armor: Animal skin       |    44 |    37 |       ||    81
       Scale mail        |       |   116 |     9 ||   125
       Chain mail        |       |       |    66 ||    66
Dodge: Dodged            |    74 |   179 |    49 ||   302
